 Dungeon Crawl Stone Soup version 0.21.1-1-g345015f (webtiles) character file.

475 vatarom the Skirmisher (level 7, -2/56 HPs)
             Began as a Gnoll Wanderer on Apr 7, 2018.
             Slain by an ogre
             ... wielding a +0 giant club
              (25 damage)
             ... on level 4 of the Dungeon.
             The game lasted 00:06:01 (3698 turns).

vatarom the Skirmisher (Gnoll Wanderer)             Turns: 3698, Time: 00:06:02

Health: -2/56      AC:  5    Str: 18    XL:     7   Next: 10%
Magic:  12/12      EV: 11    Int: 13    God:
Gold:   166        SH:  0    Dex: 14    Spells: 13/13 levels left

rFire    . . .     SeeInvis .   a - +2 hand axe
rCold    . . .     Gourm    .   (no shield)
rNeg     . . .     Faith    .   b - +0 ring mail
rPois    .         Spirit   .   (no helmet)
rElec    .         Reflect  .   (no cloak)
rCorr    .         Harm     .   (no gloves)
MR       .....                  (no boots)
Stlth    +.........             (no amulet)
HPRegen  0.18/turn              (no ring)
MPRegen  0.13/turn              (no ring)

@: no status effects
A: distributed training, fangs 1, strong nose
a: no special abilities


You were on level 4 of the Dungeon.
You were not hungry.

You visited 1 branch of the dungeon, and saw 4 of its levels.

You collected 166 gold pieces.

Inventory:

Hand Weapons
 a - a +2 hand axe (weapon)
 k - a +1 trident of protection
 p - a +0 blowgun
Missiles
 q - 25 poisoned needles
 r - 5 tomahawks (quivered)
Armour
 b - a +0 ring mail (worn)
 o - the -4 helmet of the Abyss {rN+ Str-3 Slay+3}
   (You took it off Robin on level 2 of the Dungeon)

   It affects your strength (-3).
   It affects your accuracy and damage with ranged weapons and melee attacks
   (+3).
   It protects you from negative energy.
Wands
 c - a wand of random effects (15)
 d - a wand of clouds (3)
 v - a wand of flame (20)
Scrolls
 e - 2 scrolls of teleportation
 f - 3 scrolls of remove curse
 h - a scroll of amnesia
 i - a scroll of magic mapping
Potions
 g - 2 potions of degeneration
 m - a potion of magic
 u - a potion of invisibility {unknown}
Comestibles
 j - 2 chunks of flesh
 n - a ration


   Skills:
 + Level 5.1 Fighting
 + Level 2.2 Short Blades
 + Level 2.2 Long Blades
 + Level 3.4 Axes
 + Level 2.2 Maces & Flails
 + Level 2.2 Polearms
 + Level 2.2 Staves
 + Level 2.2 Slings
 + Level 2.2 Bows
 + Level 2.2 Crossbows
 + Level 2.2 Throwing
 + Level 2.2 Armour
 + Level 2.2 Dodging
 + Level 2.2 Stealth
 + Level 3.4 Shields
 + Level 2.2 Unarmed Combat
 + Level 3.6 Spellcasting
 + Level 1.8 Conjurations
 + Level 1.8 Hexes
 + Level 1.8 Charms
 + Level 1.8 Summonings
 + Level 1.8 Necromancy
 + Level 4.2 Translocations
 + Level 1.8 Transmutations
 + Level 1.8 Fire Magic
 + Level 4.2 Ice Magic
 + Level 1.8 Air Magic
 + Level 1.8 Earth Magic
 + Level 1.8 Poison Magic
 + Level 2.4 Invocations
 + Level 3.4 Evocations


You had 13 spell levels left.
You didn't know any spells.

Dungeon Overview and Level Annotations

Branches:
Dungeon (4/15)
 Temple: D:4-7

Altars:


Innate Abilities, Weirdness & Mutations

Your experience applies equally to all skills.
You have very sharp teeth.
Your uncanny sense of smell can sniff out nearby items.


Message History

Things that are here:
a tomahawk; a trident of protection; a chain mail
k - a trident of protection The orc closely misses you.
The orc misses you. The orc hits you but does no damage.
There is a stone staircase leading up, spattered with blood here.
The orc hits you but does no damage.
You barely miss the ogre.
The ogre is moderately wounded.
You barely miss the orc. You hit the orc. The ogre closely misses you.
The orc hits you but does no damage. The orc closely misses you.
The orc hits you with a hand axe.
An orc comes into view. It is wielding a flail.
The orc throws a tomahawk.
The tomahawk barely misses you.
You see here a tomahawk.
You closely miss the orc. You bite the orc, but do no damage. You hit the ogre.
You hit the orc.
You kill the orc!
The ogre hits you with a giant club!!
You die...

.............
....[.......
..........#
..%.......#
..........# .#
......†...# .#
..........# ..#
..........#######..#
.........)...@.....##.
.$...oo..[.oO)o...>...
.............<....###
.................####
............#.........
.......#.......#......
.....##........####..
...# #....[.[..# . ..#
#....[...##


You could see an ogre and 3 orcs.

Vanquished Creatures
  A howler monkey (D:3)
  An orc priest (D:3)
  3 hounds (D:4)
  An orc wizard (D:4)
  A bullfrog skeleton (D:4)
  Jessica (D:2)
  2 worker ants
  Robin (D:2)
  6 adders
  An ooze (D:2)
  A worm (D:3)
  5 leopard geckos
  12 orcs
  9 bats
  8 giant cockroaches
  13 goblins
  12 hobgoblins
  8 jackals
  A quokka (D:2)
  6 frilled lizards
  5 kobolds
  6 rats
104 creatures vanquished.

Notes
Turn   | Place    | Note
-------+----------+-------------------------------------------
     0 | D:1      | vatarom the Gnoll Wanderer began the quest for the Orb.
     0 | D:1      | vatarom set off with: a +2 hand axe, a +0 ring mail, a wand of random effects (15), a ration
     0 | D:1      | Reached XP level 1. HP: 20/20 MP: 4/4
    83 | D:1      | Reached XP level 2. HP: 26/26 MP: 5/5
   729 | D:1      | Reached XP level 3. HP: 19/31 MP: 7/7
   891 | D:2      | Reached skill level 1 in Invocations
  1149 | D:2      | Reached skill level 1 in Short Blades
  1149 | D:2      | Reached skill level 1 in Long Blades
  1149 | D:2      | Reached skill level 1 in Maces & Flails
  1149 | D:2      | Reached skill level 1 in Polearms
  1149 | D:2      | Reached skill level 1 in Staves
  1149 | D:2      | Reached skill level 1 in Slings
  1149 | D:2      | Reached skill level 1 in Bows
  1149 | D:2      | Reached skill level 1 in Crossbows
  1149 | D:2      | Reached skill level 1 in Throwing
  1149 | D:2      | Reached skill level 1 in Armour
  1149 | D:2      | Reached skill level 1 in Dodging
  1149 | D:2      | Reached skill level 1 in Stealth
  1149 | D:2      | Reached skill level 1 in Unarmed Combat
  1149 | D:2      | Reached XP level 4. HP: 33/38 MP: 8/8
  1596 | D:2      | Noticed Robin
  1600 | D:2      | Reached skill level 1 in Conjurations
  1600 | D:2      | Reached skill level 1 in Hexes
  1600 | D:2      | Reached skill level 1 in Charms
  1600 | D:2      | Reached skill level 1 in Summonings
  1600 | D:2      | Reached skill level 1 in Necromancy
  1600 | D:2      | Reached skill level 1 in Transmutations
  1600 | D:2      | Reached skill level 1 in Fire Magic
  1600 | D:2      | Reached skill level 1 in Air Magic
  1600 | D:2      | Reached skill level 1 in Earth Magic
  1600 | D:2      | Reached skill level 1 in Poison Magic
  1625 | D:2      | Killed Robin
  1769 | D:2      | Got a faintly humming helmet
  1775 | D:2      | Identified the cursed -4 helmet of the Abyss {rN+ Str-3 Slay+3} (You took it off Robin on level 2 of the Dungeon)
  1870 | D:2      | Noticed Jessica
  1876 | D:2      | Killed Jessica
  1876 | D:2      | Reached XP level 5. HP: 33/43 MP: 9/9
  2868 | D:4      | Reached XP level 6. HP: 27/50 MP: 10/10
  3183 | D:4      | Reached skill level 5 in Fighting
  3204 | D:3      | HP: 3/76 [poisoned by a worker ant]
  3444 | D:4      | Reached XP level 7. HP: 25/56 MP: 12/12
  3698 | D:4      | Slain by an ogre

Skill      XL: |  1  2  3  4  5  6 |
---------------+-------------------+-----
Invocations    | 1 2 |  2.4
Short Blades   | 1 2 |  2.2
Long Blades    | 1 2 |  2.2
Maces & Flails | 1 2 |  2.2
Polearms       | 1 2 |  2.2
Staves         | 1 2 |  2.2
Slings         | 1 2 |  2.2
Bows           | 1 2 |  2.2
Crossbows      | 1 2 |  2.2
Throwing       | 1 2 |  2.2
Armour         | 1 2 |  2.2
Dodging        | 1 2 |  2.2
Stealth        | 1 2 |  2.2
Unarmed Combat | 1 2 |  2.2
Spellcasting   | 3 |  3.6
Conjurations   | 1 |  1.8
Hexes          | 1 |  1.8
Charms         | 1 |  1.8
Summonings     | 1 |  1.8
Necromancy     | 1 |  1.8
Transmutations | 1 |  1.8
Fire Magic     | 1 |  1.8
Air Magic      | 1 |  1.8
Earth Magic    | 1 |  1.8
Poison Magic   | 1 |  1.8
Axes           | 3 |  3.4
Shields        | 3 |  3.4
Evocations     | 3 |  3.4
Translocations | 4 |  4.2
Ice Magic      | 4 |  4.2
Fighting       | 5 |  5.1

Action                   |  1- 3 |  4- 6 |  7- 9 || total
-------------------------+-------+-------+-------++-------
Melee: Hand axe          |    86 |   175 |    26 ||   287
       Bite              |     6 |    16 |     4 ||    26
       Punch             |       |     1 |       ||     1
Evoke: Wand              |       |     1 |       ||     1
  Use: Scroll            |       |     8 |       ||     8
       Potion            |       |     7 |       ||     7
  Eat: Chunk             |     1 |     3 |       ||     4
       Ration            |       |     2 |       ||     2
Armor: Ring mail         |    66 |    75 |    13 ||   154
       Skin              |       |    12 |       ||    12
Dodge: Dodged            |    76 |   123 |    26 ||   225
